 Dungeon Crawl Stone Soup version 0.30.1-4-g462c640d31 (webtiles) character file.

Game seed: 1785565683062937433

2411 kingsuperguy the Protected (level 9, -2/77 HPs)
             Began as an Armataur Fighter on Aug 25, 2023.
             Was a High Priest of Jiyva.
             Slain by an orc warrior
             ... wielding a +0 glaive
              (8 damage)
             ... on level 9 of the Dungeon.
             The game lasted 00:17:31 (5355 turns).

kingsuperguy the Protected (Armataur Fighter)       Turns: 5355, Time: 00:17:32

Health: -2/77      AC: 15    Str: 24 (26) XL:     9   Next: 23%
Magic:  9/9        EV:  8    Int:  2 (8)  God:    Jiyva [*****.]
Gold:   253        SH:  4    Dex:  4 (10) Spells: 8/8 levels left

rFire   . . .        a - +0 long sword
rCold   . . .        c - +0 buckler
rNeg    . . .        n - +0 plate armour
rPois   .            (no helmet)
rElec   +            (no cloak)
rCorr   +            (no gloves)
SInv    .            (no barding)
Will    +++..        (no amulet) Stlth
                     (no ring)
HPRegen 1.76/turn    (no ring)
MPRegen 0.56/turn

%: roll
@: about to teleport, attractive
A: large, rugged brown scales 3, deformed body, armoured tail, roll, long
tongue, awkward tongue, talons 1, camouflage 1, strong-willed 3, electricity
resistance, gelatinous body 3, jelly absorbing missiles
a: Renounce Religion, Oozemancy, Slimify


You were on level 9 of the Dungeon.
You worshipped Jiyva.
Jiyva was extremely pleased with you.
You visited 1 branch of the dungeon, and saw 9 of its levels.

You collected 253 gold pieces.

Inventory:

Hand Weapons
 a - a +0 long sword (weapon)
 p - a +1 heavy hand axe
 z - a +4 dire flail
 A - a +5 battleaxe of freezing
Missiles
 j - 3 throwing nets (quivered)
 s - 14 poisoned darts
Armour
 b - a +0 scale mail
 c - a +0 buckler (worn)
 n - a +0 plate armour (worn)
Wands
 v - a wand of paralysis (9)
Scrolls
 k - a scroll of vulnerability {unknown}
 r - a scroll of enchant armour {unknown}
 u - a scroll of enchant weapon {unknown}
 w - a scroll of silence {unknown}
 x - a scroll of blinking {unknown}
 y - a scroll of immolation {unknown}
Potions
 g - 2 potions of curing {unknown}
 h - 2 potions of mutation
 i - a potion of degeneration


   Skills:
 + Level 4.5 Fighting
 + Level 5.9 Long Blades
 * Level 10.9 Armour
 + Level 1.7 Dodging
 + Level 1.5 Stealth
 + Level 5.3 Shields
 + Level 0.1 Evocations


You had 8 spell levels left.
You didn't know any spells.
Your spell library contained the following spells:

 Spells                   Type           Power      Damage    Failure   Level
 Foxfire                  Conj/Fire      0%         2x1d4     100%        1
 Flame Wave               Conj/Fire      0%         2d4       100%        4
 Plasma Beam              Fire/Air       0%         2x1d11    100%        6
 Fire Storm               Conj/Fire      0%         5d1       100%        9


Dungeon Overview and Level Annotations

Branches:
Dungeon (9/15)             Temple (0/1) D:5            Lair (0/5) D:8
    Orc: D:9-12

Altars:
Elyvilon
Fedhas
Hepliaklqana
Nemelex Xobeh
Ru
Trog
Wu Jian
Xom
Jiyva

Shops:
D:4 =(=

Annotations:
D:5 3 runed translucent doors, jujuben's ghost, amateur DESu
D:8 1 runed translucent door, Zeor's ghost, novice DERe


Innate Abilities, Weirdness & Mutations

You are completely covered in rugged brown scales. (AC +3, +7% HP)
Armour fits poorly on your strangely shaped body.
You have a long armoured tail.
You roll when moving toward enemies. (Rampage)
Your long tongue fully drains potion bottles. (2x potion effects)
Your tongue gives you trouble enunciating. (1.5x scroll delay)
You have sharp toenails.
Your skin changes colour to match your surroundings (Stealth+).
You are extremely strong-willed. (Will+++)
You are resistant to electric shocks. (rElec)
Your gelatinous body deflects attacks. (AC +3, EV +3)
You have a small jelly attached to you that may absorb projectiles.


Message History

You hit the orc warrior but do no damage.
Your kick misses the orc warrior.
The orc warrior is severely wounded.
The orc wizard mumbles some strange words.
The orc wizard flickers and vanishes!
The orc warrior barely misses you.
You hear a shout! x4
You hit the orc warrior.
The orc warrior is severely wounded.
You hear the faint creaking of a portcullis nearby.
You hear a shout!
The orc warrior barely misses you.
The orc warrior hits you with a +0 glaive!
You completely miss the orc warrior. Your kick misses the orc warrior.
The orc warrior is severely wounded.
The orc warrior hits you with a +0 glaive!
* * * LOW HITPOINT WARNING * * *
It was a potion of attraction.
You feel attractive to monsters.
You slurp down every last drop of the potion of attraction!
The orc warrior barely misses you. The orc wizard is attracted toward you.
The orc is attracted toward you.
The gnoll sergeant is attracted toward you.
You closely miss the orc warrior.
Your tail-slap misses the orc warrior.
The orc warrior is severely wounded.
The orc is engulfed in poison gas.
The orc is poisoned.
The orc warrior hits you with a +0 glaive!
* * * LOW HITPOINT WARNING * * *
The orc wizard is engulfed in poison gas.
The orc wizard is poisoned.
The orc wizard points at you and mumbles some strange words.
The magic dart hits you.
* * * LOW HITPOINT WARNING * * *
The orc is attracted toward you.
Okay, then.
Okay, then.
As you slowly read the scroll labelled GEX FOQOIPOWKO, it crumbles to dust.
You feel strangely unstable.
It was a scroll of teleportation.
The orc is engulfed in poison gas.
The orc is poisoned.
The orc warrior hits you with a +0 glaive!
You die...

K...K.o
####+#.....# #.#
#..........# #o#
#..........##
#o#
#............
#.#
#....g..##.##
#.# ####....##.#
#.#
#.)..##o######§#


#...ggogKKo@oo§# #...○##{######## #....##.# #..§.##.# #.§§.##o# #....##.#
#..^.##.# #....##.# .§§.....# You could see an orc warrior, a kobold brigand, a
gnoll sergeant, an orc wizard (poisoned), a gnoll, 3 orcs, a goblin and a
kobold.

Vanquished Creatures
  Maggie (D:6)
  A wyvern (D:9)
  An orc warrior (D:8)
  A black bear (D:3)
  An ice beast (D:6)
  4 ogres
  2 centaurs
  3 kobold brigands (D:8)
  A bullfrog (D:6)
  3 scorpions
  5 wights (D:8)
  3 orc priests
  A sleepcap (D:7)
  2 iguanas
  6 orc wizards
  4 gnolls
  6 adders
  A white imp (D:5)
  2 ufetubi
  3 dart slugs
  9 orcs
  A bat (D:1)
  2 endoplasms (D:1)
  A giant cockroach (D:1)
  3 goblins
  6 hobgoblins
  3 quokkas
  3 ball pythons
  4 frilled lizards
  16 kobolds
  3 rats
102 creatures vanquished.

Vanquished Creatures (others)
  A kobold demonologist (D:6)
  A slime creature (D:8)
  A water moccasin (D:7)
  A sky beast (D:7)
  A centaur (D:7)
  A kobold brigand (D:7)
  2 bullfrogs
  7 jellies
  A hound (D:5)
  2 gnolls (D:3)
  3 adders
  A shadow imp (D:7)
  A white imp (D:4)
  A dart slug (D:2)
  2 endoplasms
  3 orcs
  A giant cockroach (D:3)
  A hobgoblin (D:3)
  6 kobolds (D:7)
  A quokka (D:3)
  2 ball pythons (D:2)
  A bat (D:3)
  A frilled lizard (D:2)
  A rat (D:3)
43 creatures vanquished.

Grand Total: 145 creatures vanquished

Notes
Turn   | Place    | Note
-------+----------+-------------------------------------------
     0 | D:1      | kingsuperguy the Armataur Fighter began the quest for the
                  | Orb.
     0 | D:1      | Reached XP level 1. HP: 19/19 MP: 1/1
   144 | D:1      | Reached skill level 4 in Armour
   270 | D:1      | Reached XP level 2. HP: 19/26 MP: 2/2
   364 | D:1      | Found a faded altar of an unknown god.
   389 | D:1      | Prayed at the altar of an unknown god.
   389 | D:1      | Became a worshipper of Jiyva Juoxtos the Shapeless
   389 | D:1      | Reached * piety under Jiyva
   652 | D:2      | Reached XP level 3. HP: 33/33 MP: 3/3
   791 | D:2      | Reached ** piety under Jiyva
  1448 | D:3      | Reached *** piety under Jiyva
  1512 | D:3      | Noticed a black bear
  1520 | D:3      | Gained mutation: You are clumsy. (Dex -2) [potion of
                  | mutation]
  1520 | D:3      | Gained mutation: You have sharp toenails. [potion of
                  | mutation]
  1520 | D:3      | Gained mutation: You occasionally lose the ability to drink
                  | potions when taking damage. [potion of mutation]
  1520 | D:3      | Gained mutation: You sometimes lose the ability to drink
                  | potions when taking damage. [potion of mutation]
  1520 | D:3      | Gained mutation: You occasionally lose the ability to read
                  | scrolls when taking damage. [potion of mutation]
  1520 | D:3      | Gained mutation: You have a somewhat thin skeletal
                  | structure. (Dex +2, Stealth+) [potion of mutation]
  1534 | D:3      | Killed a black bear
  1535 | D:3      | Reached skill level 5 in Armour
  1535 | D:3      | Reached XP level 4. HP: 36/40 MP: 4/4
  1535 | D:3      | Reached XP level 5. HP: 44/48 MP: 5/5
  1580 | D:3      | Found a hazy altar of Hepliaklqana.
  1581 | D:3      | Found a shimmering altar of Xom.
  1582 | D:3      | Noticed a spectral ugly thing
  1658 | D:3      | Lost mutation: You are clumsy. (Dex -2) [Jiyva's grace]
  1658 | D:3      | Lost mutation: You sometimes lose the ability to drink
                  | potions when taking damage. [Jiyva's grace]
  1658 | D:3      | Lost mutation: You occasionally lose the ability to drink
                  | potions when taking damage. [Jiyva's grace]
  1658 | D:3      | Gained mutation: You have a small jelly attached to you
                  | that may absorb projectiles. [Jiyva's grace]
  1658 | D:3      | Gained mutation: You have a pair of small horns on your
                  | head. [Jiyva's grace]
  1658 | D:3      | Gained mutation: You have a pair of horns on your head.
                  | [Jiyva's grace]
  1658 | D:3      | Gained mutation: You have a pair of large horns on your
                  | head. [Jiyva's grace]
  1826 | D:4      | Found Biseis's Weapon Shop.
  1961 | D:4      | Reached skill level 1 in Dodging
  1990 | D:4      | Found Cike's Jewellery Shoppe.
  1993 | D:4      | Noticed a centaur
  1999 | D:4      | Killed a centaur
  2000 | D:4      | Reached XP level 6. HP: 49/54 MP: 6/6
  2047 | D:4      | Found a sparkling altar of Nemelex Xobeh.
  2108 | D:4      | Reached **** piety under Jiyva
  2199 | D:4      | Found an ornate altar of the Wu Jian Council.
  2231 | D:4      | Found Uttiemin's Jewellery Shop.
  2306 | D:5      | Entered Level 5 of the Dungeon
  2582 | D:5      | Reached skill level 6 in Armour
  2603 | D:5      | Found a staircase to the Ecumenical Temple.
  2687 | D:5      | Lost mutation: You have a pair of large horns on your head.
                  | [Jiyva's grace]
  2687 | D:5      | Lost mutation: You have a somewhat thin skeletal structure.
                  | (Dex +2, Stealth+) [Jiyva's grace]
  2687 | D:5      | Gained mutation: You are resistant to electric shocks.
                  | (rElec) [Jiyva's grace]
  2687 | D:5      | Gained mutation: You are strong-willed. (Will+) [Jiyva's
                  | grace]
  2687 | D:5      | Gained mutation: You are highly strong-willed. (Will++)
                  | [Jiyva's grace]
  2687 | D:5      | Gained mutation: You are extremely strong-willed. (Will+++)
                  | [Jiyva's grace]
  2724 | D:5      | Reached XP level 7. HP: 53/60 MP: 7/7
  2760 | D:5      | Found a runed translucent gate.
  2760 | D:5      | Found a runed translucent gate.
  2760 | D:5      | Found a runed translucent gate.
  2760 | D:5      | Noticed jujuben's ghost (amateur DESu)
  2793 | D:5      | Reached skill level 7 in Armour
  2969 | D:5      | Found a blossoming altar of Fedhas.
  3129 | D:6      | Noticed Maggie
  3355 | D:7      | Found a white marble altar of Elyvilon.
  3365 | D:7      | Got Asmodeus's Grimoire of the Torch
  3567 | D:6      | Reached skill level 8 in Armour
  3577 | D:6      | Reached XP level 8. HP: 70/70 MP: 8/8
  3683 | D:6      | Killed a kobold demonologist
  3690 | D:6      | Reached ***** piety under Jiyva
  3783 | D:6      | Killed Maggie
  3784 | D:6      | Reached skill level 1 in Stealth
  3784 | D:6      | Reached skill level 5 in Shields
  3836 | D:6      | Reached skill level 9 in Armour
  3855 | D:6      | Reached skill level 5 in Long Blades
  3868 | D:6      | Found a bloodstained altar of Trog.
  4249 | D:7      | Lost mutation: You have a pair of horns on your head.
                  | [Jiyva's grace]
  4249 | D:7      | Lost mutation: You have a pair of small horns on your head.
                  | [Jiyva's grace]
  4249 | D:7      | Lost mutation: You occasionally lose the ability to read
                  | scrolls when taking damage. [Jiyva's grace]
  4249 | D:7      | Gained mutation: Your rubbery body absorbs attacks. (AC +1,
                  | EV +1) [Jiyva's grace]
  4249 | D:7      | Gained mutation: Your pliable body absorbs attacks. (AC +2,
                  | EV +2) [Jiyva's grace]
  4249 | D:7      | Gained mutation: Your gelatinous body deflects attacks. (AC
                  | +3, EV +3) [Jiyva's grace]
  4249 | D:7      | Gained mutation: Your skin changes colour to match your
                  | surroundings (Stealth+). [Jiyva's grace]
  4686 | D:8      | Noticed a hornet
  4691 | D:8      | Slimified a hornet
  4691 | D:8      | a hornet changed into a slime creature
  4691 | D:8      | Noticed a slime creature
  4694 | D:8      | Killed a slime creature
  4749 | D:8      | Found a staircase to the Lair.
  4798 | D:8      | Found a sacrificial altar of Ru.
  4954 | D:8      | Found a runed translucent door.
  4960 | D:8      | Noticed Zeor's ghost (novice DERe)
  4965 | D:8      | Reached skill level 10 in Armour
  4982 | D:8      | Reached XP level 9. HP: 73/77 MP: 9/9
  5355 | D:9      | Slain by an orc warrior

Illustrated notes

Levels and vault maps discovered:
D:1:      dpeg_arrival_lava_temple_mockup, layout_rooms,
          dreamdust_ecumenical_altar_grove
D:2:      layout_rooms, corexii_item_surrounded_by_moat,
          grunt_decor_mini_mirrors
D:3:      layout_loops_corners, regret_index_temple_of_mockery
D:4:      layout_rooms, lemuel_doored_altar, pdpol_wu_jian_five_deadly_venoms,
          serial_shops, shop, nicolae_shop_tiny_statue_garden, shop
D:5:      nicolae_cairo_tiling_large, layout_loops_cross, fedhas_altar_4,
          minmay_temple_entry_grid, ebering_ghost_rock_garden
D:6:      layout_cave_pools, kennysheep_mini, grunt_decor_arrowhead, uniq_maggie
D:7:      layout_basic, mainiacjoe_overflow_alcove_2
D:8:      layout_basic, mainiacjoe_overflow_brackets, dpeg_oklobed_lair,
          hellmonk_ghost_happy_afterlife, interstate_on_off
D:9:      layout_basic, grunt_gozag_breadcrumbs, mainiacjoe_overflow_alcove_1,
          lemuel_round_altar, enter_bailey_3

Skill      XL: |  1  2  3  4  5  6  7  8 |
---------------+-------------------------+-----
Armour         | 4 5 6 8 10 | 10.9
Fighting       | 3 4 |  4.5
Long Blades    | 2 3 4 5 |  5.9
Dodging        | 1 |  1.7
Shields        | 4 5 |  5.3
Stealth        | 1 |  1.5
Evocations     | |  0.1

Action                     |  1- 3 |  4- 6 |  7- 9 || total
---------------------------+-------+-------+-------++-------
  Melee: Long sword        |   124 |    72 |   236 ||   432
         Tailslap          |     9 |     4 |    32 ||    45
         Kick              |       |    18 |    77 ||    95
         Headbutt          |       |    10 |    11 ||    21
 Invoke: Slimify           |       |     1 |     3 ||     4
  Evoke: Wand              |       |       |     1 ||     1
    Use: Potion            |     4 |       |     4 ||     8
         Scroll            |       |       |     6 ||     6
   Stab: Paralysed         |       |       |     3 ||     3
 Armour: Scale mail        |    90 |    43 |       ||   133
         Plate armour      |       |     9 |   127 ||   136
  Dodge: Dodged            |    62 |    18 |    82 ||   162
  Block: Buckler           |    34 |    21 |    51 ||   106
